 Dungeon Sprint DCSS version 0.29-a0-356-g7bc237e783 (webtiles) character file.

Game seed: 8331364135962361186

7400000 Zeldest the Axe Maniac (level 26, -26/242 HPs)
             Began as a Mummy Warper on Apr 25, 2022.
             Was the Champion of Makhleb.
             Annihilated by a bag of meat
             ... wielding a +9 war axe
              (35 damage)
             ... in the Dungeon (Sprint VIII: "Arena of Blood").
             The game lasted 00:03:51 (74 turns).

Zeldest the Axe Maniac (Mummy Warper)                 Turns: 74, Time: 00:03:51

Health: -26/242    AC:  6    Str: 15    XL:     26   Next: 31%
Magic:  21/54      EV: 17    Int: 14    God:    Makhleb [******]
Gold:   0          SH:  0    Dex: 21    Spells: 79/79 levels left

rFire   . . .      SeeInvis .   e - +∞ Axe of Woe
rCold   + . .      Faith    .   (shield currently unavailable)
rNeg    + + +      Spirit   .   b - +0 leather armour
rPois   ∞          Reflect  .   (no helmet)
rElec   .          Harm     .   (no cloak)
rCorr   .          Rampage  .   (no gloves)
Will    +++..      NoTele   +   (no boots)
Stlth   ++++++++++              (no amulet)
HPRegen 0.50/turn               c - ring of protection from fire
MPRegen 0.34/turn               (no ring)

@: held
A: cold resistance 1, negative energy resistance 3, torment resistance 2, heat
vulnerability 1, in touch with death 2, no potions
a: Renounce Religion, Minor Destruction, Lesser Servant of Makhleb, Major
Destruction, Greater Servant of Makhleb


You were in the Dungeon.
You worshipped Makhleb.
Makhleb was exalted by your worship.
You visited 1 branch

Inventory:

Hand Weapons
 a - a +0 hand axe
 e - the +∞ Axe of Woe (weapon)
   (You found it in the Dungeon)
Missiles
 d - 7 boomerangs of dispersal (quivered)
Armour
 b - a +0 leather armour (worn)
Jewellery
 c - a ring of protection from fire (left hand)


   Skills:
 O Level 27 Fighting
 + Level 16.6(19.4) Short Blades
 + Level 16.6(19.4) Long Blades
 O Level 27 Axes
 + Level 16.6(25.4) Maces & Flails
 + Level 16.6(25.4) Polearms
 + Level 16.6(21.7) Staves
 + Level 16.7(19.5) Slings
 + Level 16.7 Bows
 + Level 16.5 Crossbows
 + Level 16.8(19.5) Throwing
 O Level 27 Armour
 O Level 27 Dodging
 O Level 27 Stealth
 + Level 16.5 Shields
 + Level 16.6 Unarmed Combat
 O Level 27 Spellcasting
 + Level 16.7 Conjurations
 + Level 18.1 Hexes
 + Level 16.6 Summonings
 + Level 19.4 Necromancy
 O Level 27 Translocations
 + Level 16.7 Transmutations
 + Level 16.6 Fire Magic
 + Level 16.8 Ice Magic
 + Level 16.6 Air Magic
 + Level 16.7 Earth Magic
 + Level 16.6 Poison Magic
 O Level 27 Invocations
 + Level 16.9 Evocations


You had 79 spell levels left.
You didn't know any spells.
Your spell library contained the following spells:

 Spells                   Type           Power      Damage    Failure   Level
 Blink                    Tloc           100%       N/A       0%          2
 Gell's Gravitas          Tloc           76%        N/A       0%          3
 Lesser Beckoning         Tloc           76%        N/A       0%          3
 Teleport Other           Tloc           76%        N/A       0%          3
 Manifold Assault         Tloc           76%        N/A       0%          5


Dungeon Overview and Level Annotations

Branches:
Dungeon (1/1)

Altars:
Makhleb

Annotations:
D The Captor


Innate Abilities, Weirdness & Mutations

You are immune to poison.
Your flesh is cold resistant. (rC+)
You are immune to negative energy. (rN+++)
You are immune to unholy pain and torment.
You are vulnerable to heat. (rF-)
You are strongly in touch with the powers of death.
You do not drink.


Message History

The bag of meat is engulfed in blazing flames.
You hear a shout!
The destroyer is engulfed in blazing flames.
The destroyer points at you and mumbles some strange words.
The destroyer blinks!
The Captor casts a spell at you.
The stream of webbing hits you but does no damage.
You are caught in a web!
You hear a shout! x2
The bag of meat moves out of view.
A destroyer comes into view. It is wielding a +9 vorpal great sword.
There is a web here.
You struggle to detach yourself from the web.
You hear a shout! x6
The bag of meat hits you with a +9 war axe!! x2
You hear a shout! x8
You struggle to detach yourself from the web.
You hear a shout! x2
The destroyer gestures at you while chanting.
The destroyer blinks!
You hear a shout!
The bag of meat hits you with a +9 war axe!
The bag of meat hits you with a +9 war axe!!
You hear a shout!
The meat berserker is engulfed in blazing flames.
The meat berserker hits you with a +9 battleaxe!!!
* * * LOW HITPOINT WARNING * * *
You hear a shout! x3
You struggle to detach yourself from the web.
You hear a shout! x5
The destroyer points at you and mumbles some strange words.
The destroyer blinks!
You hear a shout!
The Captor hits you with a +9 vorpal triple sword!!!
* * * LOW HITPOINT WARNING * * *
x2 You hear a shout!
A bag of meat comes into view. It is wielding a +9 war axe.
The bag of meat misses you.
The bag of meat hits you with a +9 war axe!!
You die...

#))..))###...o☼).)
#☼)..)##....#.O§§o
#))..#........#...
#.)..#............
#..........O...§.#
#..§V.............
#.§)§.............
#@O§§.....#.......
#@o......#.#.#...
#.o...o...
#2V###o..# #...
#... #.... o..
#....o ## ####..§
###o


You could see a meat beast (fast), 2 destroyers, a meat berserker (berserk), The
Captor (fast) and 5 bags of meat.

Vanquished Creatures
  A royal mummy (D)
  2 wraiths (D)
  7 vampire knights (D)
  20 ogres (D)
  7 two-headed ogres (D)
  57 orcs (D)
  A skeletal warrior (D)
95 creatures vanquished.

Notes
Turn   | Place    | Note
-------+----------+-------------------------------------------
     0 | D        | Found the +∞ Axe of Woe
     0 | D        | Zeldest the Mummy Warper began the quest for the Orb.
     0 | D        | Reached XP level 1. HP: 16/16 MP: 4/4
     1 | D        | Noticed a bag of meat
     3 | D        | Became a worshipper of Makhleb the Destroyer
     4 | D        | Noticed a meat berserker
     5 | D        | Noticed a bag of meat
     5 | D        | Noticed a bag of meat
     6 | D        | Killed a bag of meat
     6 | D        | Noticed a meat berserker
     7 | D        | Reached skill level 10 in Axes
     7 | D        | Reached skill level 10 in Spellcasting
     7 | D        | Reached XP level 2. HP: 17/34 MP: 4/13
     7 | D        | Gained mutation: You are in touch with the powers of death.
                  | [Mummy growth]
     7 | D        | Reached XP level 3. HP: 20/39 MP: 4/15
     7 | D        | Reached XP level 4. HP: 23/46 MP: 4/16
     7 | D        | Reached XP level 5. HP: 27/52 MP: 4/18
     7 | D        | Reached XP level 6. HP: 30/58 MP: 4/19
     7 | D        | Reached XP level 7. HP: 33/64 MP: 4/21
     7 | D        | Reached XP level 8. HP: 36/71 MP: 4/22
     7 | D        | Reached XP level 9. HP: 39/76 MP: 4/23
     7 | D        | Reached XP level 10. HP: 43/83 MP: 4/24
     7 | D        | Killed a meat berserker
     7 | D        | Reached * piety under Makhleb
     7 | D        | Noticed a bag of meat
     7 | D        | Noticed a bag of meat
     8 | D        | Reached skill level 10 in Stealth
     8 | D        | Reached skill level 10 in Invocations
     8 | D        | Reached XP level 11. HP: 48/93 MP: 4/28
     8 | D        | Reached XP level 12. HP: 52/100 MP: 4/29
     8 | D        | Killed a bag of meat
     8 | D        | Killed a bag of meat
     9 | D        | Reached skill level 10 in Armour
     9 | D        | Reached skill level 10 in Dodging
     9 | D        | Reached skill level 15 in Spellcasting
     9 | D        | Gained mutation: You are strongly in touch with the powers
                  | of death. [Mummy growth]
     9 | D        | Reached XP level 13. HP: 57/109 MP: 4/32
     9 | D        | Noticed a bag of meat
    10 | D        | Killed a bag of meat
    10 | D        | Reached ** piety under Makhleb
    10 | D        | Noticed a meat berserker
    11 | D        | Reached skill level 15 in Axes
    11 | D        | Killed a meat berserker
    11 | D        | Noticed a bag of meat
    11 | D        | Noticed a bag of meat
    12 | D        | Reached XP level 14. HP: 105/120 MP: 5/34
    12 | D        | Noticed a meat berserker
    12 | D        | Noticed a large bag of meat
    13 | D        | Noticed a bag of meat
    13 | D        | Noticed a bag of meat
    14 | D        | Noticed a meat berserker
    14 | D        | Noticed a meat berserker
    15 | D        | Killed a meat berserker
    15 | D        | Noticed a meat berserker
    15 | D        | Noticed a meat berserker
    16 | D        | Reached skill level 15 in Fighting
    16 | D        | Killed a meat berserker
    16 | D        | Reached *** piety under Makhleb
    16 | D        | Killed a bag of meat
    16 | D        | Noticed a bag of meat
    17 | D        | Reached XP level 15. HP: 131/131 MP: 6/38
    17 | D        | Noticed a destroyer
    18 | D        | Reached skill level 15 in Stealth
    18 | D        | Reached skill level 15 in Invocations
    18 | D        | Killed a meat berserker
    18 | D        | Reached **** piety under Makhleb
    19 | D        | Reached XP level 16. HP: 141/141 MP: 6/40
    19 | D        | Killed a meat berserker
    19 | D        | Noticed a destroyer
    19 | D        | Noticed a meat berserker
    20 | D        | Reached skill level 15 in Armour
    20 | D        | Reached skill level 15 in Dodging
    20 | D        | Reached skill level 15 in Translocations
    20 | D        | Killed a meat berserker
    21 | D        | Killed a meat berserker
    21 | D        | Reached ***** piety under Makhleb
    21 | D        | Killed a destroyer
    21 | D        | Noticed a meat berserker
    21 | D        | Noticed a large bag of meat
    22 | D        | Reached XP level 17. HP: 116/155 MP: 7/44
    22 | D        | Noticed a meat berserker
    22 | D        | Killed a large bag of meat
    23 | D        | Noticed a destroyer
    23 | D        | Noticed a destroyer
    25 | D        | Noticed a destroyer
    25 | D        | Noticed a meat berserker
    25 | D        | Noticed a meat berserker
    25 | D        | Noticed a meat berserker
    25 | D        | Noticed a destroyer
    25 | D        | Noticed a large bag of meat
    25 | D        | Noticed a meat berserker
    27 | D        | Killed a meat berserker
    28 | D        | Reached XP level 18. HP: 166/166 MP: 9/47
    28 | D        | Killed a meat berserker
    28 | D        | Killed a meat berserker
    28 | D        | Reached ****** piety under Makhleb
    28 | D        | Noticed a meat berserker
    30 | D        | Killed a meat berserker
    31 | D        | Reached skill level 27 in Axes
    31 | D        | Reached skill level 27 in Spellcasting
    31 | D        | Reached XP level 19. HP: 150/180 MP: 9/50
    31 | D        | Noticed a meat berserker
    32 | D        | Killed a destroyer
    32 | D        | Killed a meat berserker
    33 | D        | Killed a meat berserker
    34 | D        | Reached XP level 20. HP: 196/196 MP: 10/51
    34 | D        | Noticed a large bag of meat
    34 | D        | Noticed a large bag of meat
    34 | D        | Noticed a meat berserker
    34 | D        | Noticed a large bag of meat
    35 | D        | Noticed a destroyer
    36 | D        | Killed a destroyer
    37 | D        | Reached skill level 27 in Fighting
    37 | D        | Killed a destroyer
    37 | D        | Killed a meat berserker
    38 | D        | Reached skill level 27 in Stealth
    38 | D        | Reached skill level 27 in Invocations
    38 | D        | Killed a destroyer
    38 | D        | Killed a meat berserker
    39 | D        | Reached skill level 27 in Armour
    39 | D        | Reached skill level 27 in Dodging
    39 | D        | Reached skill level 27 in Translocations
    39 | D        | Reached XP level 21. HP: 204/204 MP: 11/52
    41 | D        | Reached skill level 5 in Short Blades
    41 | D        | Reached skill level 5 in Long Blades
    41 | D        | Reached skill level 5 in Maces & Flails
    41 | D        | Reached skill level 5 in Polearms
    41 | D        | Reached skill level 5 in Staves
    41 | D        | Reached skill level 5 in Slings
    41 | D        | Reached skill level 5 in Bows
    41 | D        | Reached skill level 5 in Crossbows
    41 | D        | Reached skill level 5 in Throwing
    41 | D        | Reached skill level 5 in Shields
    41 | D        | Reached skill level 5 in Unarmed Combat
    41 | D        | Reached skill level 5 in Conjurations
    41 | D        | Reached skill level 5 in Hexes
    41 | D        | Reached skill level 5 in Summonings
    41 | D        | Reached skill level 5 in Transmutations
    41 | D        | Reached skill level 5 in Fire Magic
    41 | D        | Reached skill level 5 in Ice Magic
    41 | D        | Reached skill level 5 in Air Magic
    41 | D        | Reached skill level 5 in Earth Magic
    41 | D        | Reached skill level 5 in Poison Magic
    41 | D        | Reached skill level 5 in Evocations
    43 | D        | Reached XP level 22. HP: 212/212 MP: 12/53
    43 | D        | Noticed an accursed
    43 | D        | Killed a large bag of meat
    44 | D        | Killed a large bag of meat
    44 | D        | Killed a large bag of meat
    45 | D        | Reached skill level 10 in Hexes
    45 | D        | Reached XP level 23. HP: 138/219 MP: 13/54
    45 | D        | Killed a destroyer
    46 | D        | Reached skill level 10 in Short Blades
    46 | D        | Reached skill level 10 in Long Blades
    46 | D        | Reached skill level 10 in Maces & Flails
    46 | D        | Reached skill level 10 in Polearms
    46 | D        | Reached skill level 10 in Staves
    46 | D        | Reached skill level 10 in Slings
    46 | D        | Reached skill level 10 in Bows
    46 | D        | Reached skill level 10 in Crossbows
    46 | D        | Reached skill level 10 in Throwing
    46 | D        | Reached skill level 10 in Shields
    46 | D        | Reached skill level 10 in Unarmed Combat
    46 | D        | Reached skill level 10 in Conjurations
    46 | D        | Reached skill level 10 in Summonings
    46 | D        | Reached skill level 10 in Transmutations
    46 | D        | Reached skill level 10 in Fire Magic
    46 | D        | Reached skill level 10 in Ice Magic
    46 | D        | Reached skill level 10 in Air Magic
    46 | D        | Reached skill level 10 in Earth Magic
    46 | D        | Reached skill level 10 in Poison Magic
    46 | D        | Reached skill level 10 in Evocations
    50 | D        | Killed a destroyer
    51 | D        | Reached XP level 24. HP: 227/227 MP: 14/54
    51 | D        | Killed a large bag of meat
    52 | D        | Reached skill level 15 in Necromancy
    56 | D        | Reached skill level 15 in Hexes
    56 | D        | Killed an accursed
    57 | D        | Reached XP level 25. HP: 216/234 MP: 16/54
    59 | D        | Noticed a dread
    59 | D        | Killed a large bag of meat
    60 | D        | Reached skill level 15 in Throwing
    60 | D        | Reached skill level 15 in Evocations
    61 | D        | Reached skill level 15 in Long Blades
    61 | D        | Reached skill level 15 in Maces & Flails
    61 | D        | Reached skill level 15 in Staves
    61 | D        | Reached skill level 15 in Slings
    61 | D        | Reached skill level 15 in Bows
    61 | D        | Reached skill level 15 in Shields
    61 | D        | Reached skill level 15 in Unarmed Combat
    61 | D        | Reached skill level 15 in Conjurations
    61 | D        | Reached skill level 15 in Summonings
    61 | D        | Reached skill level 15 in Transmutations
    61 | D        | Reached skill level 15 in Fire Magic
    61 | D        | Reached skill level 15 in Ice Magic
    61 | D        | Reached skill level 15 in Earth Magic
    62 | D        | Reached skill level 15 in Short Blades
    62 | D        | Reached skill level 15 in Polearms
    62 | D        | Reached skill level 15 in Air Magic
    62 | D        | Reached skill level 15 in Poison Magic
    62 | D        | Noticed a large bag of meat
    63 | D        | Noticed The Captor
    64 | D        | Reached skill level 15 in Crossbows
    64 | D        | Noticed a destroyer
    65 | D        | Noticed a dread
    67 | D        | Killed a dread
    68 | D        | Noticed a meat beast
    69 | D        | Killed a dread
    69 | D        | Killed a large bag of meat
    70 | D        | Reached XP level 26. HP: 218/242 MP: 19/54
    72 | D        | Noticed a destroyer
    74 | D        | HP: 9/242 [The Captor/+9 vorpal triple sword (16)]
    74 | D        | Annihilated by a bag of meat

Illustrated notes

Levels and vault maps discovered:
D:        meatsprint

Skill      XL: |  1  2  3  4  5  6  7  8  9 10 11 12 13 14 15 16 17 18 19 20 21 22 23 24 25 |
---------------+----------------------------------------------------------------------------+-----
Fighting       | 9 11 12 14 16 17 20 21 23 26 27 | 27.0
Axes           | 10 13 14 16 18 20 23 25 27 | 27.0
Armour         | 7 9 10 12 13 14 17 18 20 22 27 | 27.0
Dodging        | 7 9 10 12 13 14 17 18 20 22 27 | 27.0
Stealth        | 8 10 11 13 14 15 18 19 22 24 27 | 27.0
Spellcasting   | 10 13 15 16 19 20 23 25 27 | 27.0
Translocations | 7 9 11 12 13 14 17 18 20 23 27 | 27.0
Invocations    | 8 10 11 13 14 15 18 19 22 24 27 | 27.0
Short Blades   | 2 6 9 12 14 16 | 16.6
Long Blades    | 2 6 9 12 14 16 | 16.6
Maces & Flails | 2 6 9 12 14 16 | 16.6
Polearms       | 2 6 9 12 14 16 | 16.6
Staves         | 2 6 9 12 14 16 | 16.6
Slings         | 2 6 9 12 14 16 | 16.7
Bows           | 2 6 9 12 14 16 | 16.7
Crossbows      | 2 6 9 12 14 16 | 16.5
Throwing       | 2 6 9 12 14 16 | 16.8
Shields        | 2 6 9 12 14 16 | 16.5
Unarmed Combat | 2 6 9 12 14 16 | 16.6
Conjurations   | 2 6 9 12 14 16 | 16.7
Hexes          | 2 7 10 13 15 18 | 18.1
Summonings     | 2 6 9 12 14 16 | 16.6
Necromancy     | 2 7 11 14 16 19 | 19.4
Transmutations | 2 6 9 12 14 16 | 16.7
Fire Magic     | 2 6 9 12 14 16 | 16.6
Ice Magic      | 2 6 9 12 14 16 | 16.8
Air Magic      | 2 6 9 12 14 16 | 16.6
Earth Magic    | 2 6 9 12 14 16 | 16.7
Poison Magic   | 2 6 9 12 14 16 | 16.6
Evocations     | 2 6 9 12 14 16 | 16.9

Action                   |  1- 3 |  4- 6 |  7- 9 | 10-12 | 13-15 | 16-18 | 19-21 | 22-24 | 25-27 || total
-------------------------+-------+-------+-------+-------+-------+-------+-------+-------+-------++-------
Melee: Executioner's axe |     1 |       |       |     2 |     6 |     8 |     9 |    13 |     9 ||    48
  Use: Scroll            |       |       |       |       |       |     1 |     1 |       |       ||     2
Dodge: Dodged            |       |       |       |     1 |     1 |       |       |       |     2 ||     4

Table legend: (Time is in decaauts)
 A = Elapsed time spent in this place.
 B = Non-inter-level travel time spent in this place.
 C = Inter-level travel time spent in this place.
 D = Time resting spent in this place.
 E = Time spent auto-exploring this place.
 F = Levels seen in this place.
 G = Mean time per level.
                   A        B        C        D        E       F      G
               +--------+--------+--------+--------+--------+-----+--------+
         Total |     63 |     63 |      0 |      0 |      0 |   1 |   63.0 |
       Dungeon |     63 |     63 |      0 |      0 |      0 |   1 |   63.0 |
               +--------+--------+--------+--------+--------+-----+--------+

Top non-repeatable levels by time:
       D: 63 daAuts
